 Dungeon Crawl Stone Soup version 0.31-a0-1570-g93c622d222 (webtiles) character file.

Game seed: 4182553812559962621

10275 jlumianski the Grappler (level 11, -2/84 HPs)
             Began as a Gnoll Shapeshifter on Jan 4, 2024.
             Was a Believer of Wu Jian.
             Slain by a four-headed hydra (7 damage)
             ... on level 9 of the Dungeon.
             The game lasted 00:43:00 (11957 turns).

jlumianski the Grappler (Gnoll Shapeshifter)       Turns: 11957, Time: 00:43:01

Health: -2/84      AC: 13    Str: 16    XL:     11   Next: 59%
Magic:  21/21      EV: 13    Int: 10    God:    Wu Jian [**....]
Gold:   730        SH:  0    Dex: 16    Spells: 23/23 levels left

rFire   . . .        p - +3 rapier "Tormentor" {pain, +Blink Dex+3}
rCold   + . .        x - orb {light}
rNeg    . . .        f - +0 plate armour
rPois   .            (helmet currently unavailable)
rElec   .            (cloak currently unavailable)
rCorr   .            (gloves currently unavailable)
SInv    .            (boots currently unavailable)
Will    .....        (no amulet) Stlth
                     o - +5 ring of evasion
HPRegen 0.34/turn    U - ring of protection from cold
MPRegen 0.17/turn

%: no passive effects
@: beast-form, on blink cooldown, glowing
A: beast (slay +4), fangs 1, strong nose, distributed training, MP-powered wands
a: Begin Untransformation, Renounce Religion, Evoke Blink, Wall Jump


You were on level 9 of the Dungeon.
You worshipped Wu Jian.
Wu Jian was pleased with you.
You were a hulking beast.
You visited 2 branches of the dungeon, and saw 12 of its levels.

You collected 780 gold pieces.
You spent 50 gold pieces at shops.

Inventory:

Hand Weapons
 p - the +3 rapier "Tormentor" (weapon) {pain, +Blink Dex+3}
   (You found it on level 2 of the Dungeon)

   Dex+3:     It affects your dexterity (+3).
   +Blink:    It lets you blink.
Missiles
 r - 35 poisoned darts (quivered)
 z - 16 boomerangs
 T - a throwing net
Armour
 f - a +0 plate armour (worn)
 i - a +0 chain mail
 x - an orb of light (worn)
Jewellery
 o - a +5 ring of evasion (left hand)
 G - an amulet of magic regeneration
 U - a ring of protection from cold (right hand)
Talismans
 c - a beast talisman
 d - a flux talisman
Wands
 a - a wand of polymorph (4)
 e - a wand of mindburst (1)
 v - a wand of iceblast (27)
 N - a wand of paralysis (4)
Scrolls
 g - a scroll of silence {unknown}
 j - 3 scrolls of teleportation
 k - 2 scrolls of fear {unknown}
 l - 2 scrolls of blinking
 m - a scroll of summoning
 q - 2 scrolls of revelation {unknown}
 y - a scroll of enchant weapon {unknown}
 E - a scroll of noise {unknown}
 I - 2 scrolls of poison
 J - a scroll of fog {unknown}
 M - a scroll of immolation {unknown}
Potions
 b - a potion of lignification
 h - 2 potions of curing
 w - 2 potions of might
 A - a potion of berserk rage
 B - 3 potions of enlightenment
 C - a potion of ambrosia {unknown}
 D - 2 potions of heal wounds
 F - a potion of magic {unknown}
 H - a potion of haste {unknown}
 K - 2 potions of cancellation
 P - 2 potions of mutation


   Skills:
 + Level 7.2 Fighting
 + Level 6.7 Short Blades
 + Level 6.7 Long Blades
 + Level 6.7 Axes
 + Level 6.7 Maces & Flails
 + Level 6.7 Polearms
 + Level 6.7 Staves
 + Level 6.7 Ranged Weapons
 + Level 6.7 Throwing
 + Level 6.7 Armour
 + Level 8.2 Dodging
 + Level 6.7 Stealth
 + Level 6.7 Shields
 + Level 9.4 Unarmed Combat
 + Level 6.7 Spellcasting
 + Level 5.5 Conjurations
 + Level 5.5 Hexes
 + Level 5.5 Summonings
 + Level 5.5 Necromancy
 + Level 5.5 Translocations
 + Level 5.5 Fire Magic
 + Level 5.5 Ice Magic
 + Level 5.5 Air Magic
 + Level 5.5 Earth Magic
 + Level 5.5 Alchemy
 + Level 7.3 Invocations
 + Level 6.7 Evocations
 + Level 9.0 Shapeshifting


You had 23 spell levels left.
You didn't know any spells.
Your spell library contained the following spells:

 Spells                   Type           Power      Damage    Failure   Level
 Magic Dart               Conj           56%        1d5       65%         1
 Summon Small Mammal      Summ           56%        N/A       65%         1
 Cigotuvi's Dreadful Rot  Necr/Alch/Air  28%        N/A       78%         2
 Searing Ray              Conj           28%        2d5       78%         2
 Call Canine Familiar     Summ           14%        N/A       95%         3
 Volatile Blastmotes      Fire/Tloc      28%        2d12      95%         3
 Dispel Undead            Necr           14%        3d10      100%        4
 Fulminant Prism          Conj/Alch      7%         3d7       100%        4
 Iskenderun's Mystic Bla  Conj/Tloc      14%        2d5       100%        4
 Martyr's Knell           Necr/Summ      14%        N/A       100%        4
 Summon Blazeheart Golem  Fire/Summ      14%        N/A       100%        4
 Death Channel            Necr           7%         N/A       100%        6


Dungeon Overview and Level Annotations

Branches:
Dungeon (11/15)            Temple (1/1) D:6            Lair (0/5) D:9
    Orc: D:9-12

Altars:
Ashenzari
Cheibriados
Dithmenos
Elyvilon
Fedhas
Gozag
Hepliaklqana
Kikubaaqudgha
Makhleb
Nemelex Xobeh
Okawaru
Qazlal
Ru
Sif Muna
Trog
Uskayaw
Vehumet
Wu Jian
Xom
Yredelemnul
Zin
The Shining One

Shops:
D:7 *


Innate Abilities, Weirdness & Mutations

You are a hulking beast.
Your limbs bulge with bestial killing power. (Slay +4)
You have very sharp teeth.
Your uncanny sense of smell can sniff out nearby items.
Your experience applies equally to all skills.
You expend magic power (3 MP) to strengthen your wands.


Message History

Aiming: Wall Jump
Press: ? - help, Dir - move target You repeatedly attack the four-headed hydra from above.
You hit the four-headed hydra.
The four-headed hydra is moderately wounded.
You hit the four-headed hydra.
The four-headed hydra writhes in agony.
The four-headed hydra is moderately wounded.
The four-headed hydra bites you.
The four-headed hydra barely misses you.
The four-headed hydra bites you but does no damage.
The four-headed hydra barely misses you. x3
The four-headed hydra bites you but does no damage.
The four-headed hydra barely misses you.
You hit the four-headed hydra.
The four-headed hydra writhes in agony.
The four-headed hydra is heavily wounded.
The four-headed hydra bites you.
* * * LOW HITPOINT WARNING * * *
The four-headed hydra closely misses you.
The four-headed hydra bites you.
* * * LOW HITPOINT WARNING * * *
The four-headed hydra bites you but does no damage.
You puncture the four-headed hydra!
The four-headed hydra writhes in agony.
The four-headed hydra is severely wounded.
The four-headed hydra bites you but does no damage.
The four-headed hydra bites you.
* * * LOW HITPOINT WARNING * * *
The four-headed hydra misses you.
The four-headed hydra bites you but does no damage.
You puncture the four-headed hydra!
The four-headed hydra writhes in agony.
The four-headed hydra is almost dead.
You completely miss the four-headed hydra.
You bite the four-headed hydra.
The four-headed hydra is almost dead.
The four-headed hydra barely misses you.
The four-headed hydra bites you but does no damage.
The four-headed hydra bites you!
* * * LOW HITPOINT WARNING * * *
The four-headed hydra barely misses you.
You blink.
The four-headed hydra bites you!
You die...

#.........#.....#.#
#..#+###..#.....#.###
#..#...#..+.....#....
#..#...#..#.....#....
#..#...#..#.....#....
#..#...#..#.....#....
#..#...#..#.....##...
#..###'#..##8..8##.##
#...h.....#.....##.#.
#.(.D.....###..###.#.
#...ยง>....#_.....#.#.
#.........###..###.##
#.........#....._#...
#####.....###..###...
#.....##...._#...
##....###..######
#....#_....##...


You could see a four-headed hydra.

Vanquished Creatures
  Erolcha (D:11)
  2 two-headed ogres
  Joseph (D:8)
  Maggie (D:8)
  A gargoyle (D:7)
  Jeremiah (D:8)
  An unseen horror (D:10)
  4 trolls
  A shadow (D:9)
  4 yaks
  Grum (D:8)
  A wraith (D:7)
  A wyvern (D:7)
  3 steam dragons
  3 vampire mosquitoes (D:9)
  3 water moccasins
  3 orc warriors (D:8)
  An ice beast (D:4)
  3 sky beasts
  3 wolves (D:8)
  2 ogres
  3 centaurs
  2 kobold brigands
  A gnoll sergeant (D:8)
  6 bullfrogs
  6 wights
  6 killer bees
  3 howler monkeys
  3 bombardier beetles
  5 hounds
  6 orc priests
  2 gnoll boudas
  A sleepcap (D:8)
  5 iguanas
  Natasha (twice) (D:2)
  12 orc wizards
  14 gnolls
  10 adders
  A white imp (D:6)
  4 dart slugs
  A ribbon worm (D:3)
  36 orcs
  3 ball pythons
  2 endoplasms (D:2)
  5 giant cockroaches
  4 hobgoblins
  10 jackals
  8 quokkas
  4 bats
  3 frilled lizards (D:1)
  2 goblins
  16 kobolds
  A rat (D:2)
228 creatures vanquished.

Notes
Turn   | Place    | Note
-------+----------+-------------------------------------------
     0 | D:1      | jlumianski the Gnoll Shapeshifter began the quest for the
                  | Orb.
     0 | D:1      | Reached XP level 1. HP: 17/17 MP: 1/1
   197 | D:1      | Reached XP level 2. HP: 22/23 MP: 2/2
   350 | D:2      | Reached XP level 3. HP: 21/28 MP: 2/4
   404 | D:2      | Found a broken altar of Ashenzari.
   408 | D:2      | Reached skill level 1 in Invocations
   926 | D:1      | Reached skill level 1 in Short Blades
   926 | D:1      | Reached skill level 1 in Long Blades
   926 | D:1      | Reached skill level 1 in Axes
   926 | D:1      | Reached skill level 1 in Maces & Flails
   926 | D:1      | Reached skill level 1 in Polearms
   926 | D:1      | Reached skill level 1 in Staves
   926 | D:1      | Reached skill level 1 in Ranged Weapons
   926 | D:1      | Reached skill level 1 in Throwing
   926 | D:1      | Reached skill level 1 in Armour
   926 | D:1      | Reached skill level 1 in Stealth
   926 | D:1      | Reached skill level 1 in Shields
   926 | D:1      | Reached skill level 1 in Spellcasting
   926 | D:1      | Reached skill level 1 in Evocations
  1075 | D:2      | Reached XP level 4. HP: 34/34 MP: 5/5
  1328 | D:2      | Identified the +3 rapier "Tormentor" {pain, +Blink Dex+3}
  1358 | D:2      | Noticed Natasha
  1360 | D:2      | Killed Natasha
  1361 | D:2      | Reached skill level 1 in Conjurations
  1361 | D:2      | Reached skill level 1 in Hexes
  1361 | D:2      | Reached skill level 1 in Summonings
  1361 | D:2      | Reached skill level 1 in Necromancy
  1361 | D:2      | Reached skill level 1 in Translocations
  1361 | D:2      | Reached skill level 1 in Fire Magic
  1361 | D:2      | Reached skill level 1 in Ice Magic
  1361 | D:2      | Reached skill level 1 in Air Magic
  1361 | D:2      | Reached skill level 1 in Earth Magic
  1361 | D:2      | Reached skill level 1 in Alchemy
  1401 | D:2      | Noticed Natasha
  1405 | D:2      | Killed Natasha
  1406 | D:2      | Reached XP level 5. HP: 40/40 MP: 5/7
  1648 | D:4      | Noticed an ogre
  2124 | D:4      | Killed an ogre
  2125 | D:4      | Reached skill level 5 in Dodging
  2125 | D:4      | Reached XP level 6. HP: 12/47 MP: 7/9
  2523 | D:5      | Entered Level 5 of the Dungeon
  2869 | D:5      | Reached XP level 7. HP: 52/52 MP: 10/10
  4341 | D:6      | Reached XP level 8. HP: 51/60 MP: 12/12
  5275 | D:6      | Found a staircase to the Ecumenical Temple.
  5282 | Temple   | Entered the Ecumenical Temple
  5291 | Temple   | Became a worshipper of the Wu Jian Council
  5889 | D:7      | Reached XP level 9. HP: 60/66 MP: 14/14
  5929 | D:7      | HP: 3/67 [something (5)]
  6146 | D:7      | Reached skill level 5 in Fighting
  6220 | D:7      | Noticed a gargoyle
  6247 | D:7      | Killed a gargoyle
  6351 | D:7      | Reached skill level 5 in Invocations
  6351 | D:7      | Noticed a troll
  6364 | D:7      | Killed a troll
  6633 | D:7      | Found Jeyxiess's Assorted Antiques.
  6639 | D:7      | Bought a scroll of identify for 50 gold pieces
  6859 | D:6      | Reached * piety under Wu Jian
  6912 | D:7      | Found a glowing silver altar of Zin.
  6938 | D:7      | Reached skill level 5 in Short Blades
  6938 | D:7      | Reached skill level 5 in Long Blades
  6938 | D:7      | Reached skill level 5 in Axes
  6938 | D:7      | Reached skill level 5 in Maces & Flails
  6938 | D:7      | Reached skill level 5 in Polearms
  6938 | D:7      | Reached skill level 5 in Staves
  6938 | D:7      | Reached skill level 5 in Ranged Weapons
  6938 | D:7      | Reached skill level 5 in Throwing
  6938 | D:7      | Reached skill level 5 in Armour
  6938 | D:7      | Reached skill level 5 in Stealth
  6938 | D:7      | Reached skill level 5 in Shields
  6938 | D:7      | Reached skill level 5 in Spellcasting
  6938 | D:7      | Reached skill level 5 in Evocations
  6938 | D:7      | Reached XP level 10. HP: 74/76 MP: 17/17
  7165 | D:8      | Noticed Maggie
  7184 | D:8      | Killed Maggie
  7583 | D:8      | Noticed Grum
  7604 | D:8      | Killed Grum
  7823 | D:8      | Noticed Jeremiah
  7871 | D:8      | Killed Jeremiah
  8253 | D:8      | Noticed a two-headed ogre
  8268 | D:8      | Killed a two-headed ogre
  8437 | D:8      | Noticed Joseph
  8450 | D:8      | Killed Joseph
  8653 | D:8      | Reached ** piety under Wu Jian
  8802 | D:8      | Found a hide-covered altar of Uskayaw.
  9283 | D:9      | Reached skill level 5 in Conjurations
  9283 | D:9      | Reached skill level 5 in Hexes
  9283 | D:9      | Reached skill level 5 in Summonings
  9283 | D:9      | Reached skill level 5 in Necromancy
  9283 | D:9      | Reached skill level 5 in Translocations
  9283 | D:9      | Reached skill level 5 in Fire Magic
  9283 | D:9      | Reached skill level 5 in Ice Magic
  9283 | D:9      | Reached skill level 5 in Air Magic
  9283 | D:9      | Reached skill level 5 in Earth Magic
  9283 | D:9      | Reached skill level 5 in Alchemy
  9405 | D:8      | Reached XP level 11. HP: 68/83 MP: 20/20
 10044 | D:9      | Found a white marble altar of Elyvilon.
 10076 | D:9      | Noticed a two-headed ogre
 10088 | D:9      | Killed a two-headed ogre
 10145 | D:9      | Found a staircase to the Lair.
 10170 | D:9      | Gained mutation: You expend magic power (3 MP) to
                  | strengthen your wands. [potion of mutation]
 10302 | D:10     | Entered Level 10 of the Dungeon
 11153 | D:9      | Found a blossoming altar of Fedhas.
 11154 | D:9      | Found a radiant altar of Vehumet.
 11154 | D:9      | Found a shimmering altar of Xom.
 11156 | D:9      | Found a burning altar of Makhleb.
 11159 | D:9      | Found a shimmering blue altar of Sif Muna.
 11447 | D:11     | Noticed Erolcha
 11464 | D:11     | Killed Erolcha
 11870 | D:10     | Noticed a four-headed hydra
 11957 | D:9      | Slain by a four-headed hydra

Illustrated notes

Levels and vault maps discovered:
D:1:      spicycebolla_arrival_xxxplode, layout_loops_corners
D:2:      layout_loops_cross, basic_altar, kennysheep_cluttered_room,
          uniq_natasha
D:3:      layout_loops_ring
D:4:      layout_cave_pools
D:5:      layout_basic
D:6:      layout_cave_pods, minmay_temple_entry_drinking_statues
D:7:      minmay_chambers_of_sevens, layout_basic, amcnicky_altar_gilded,
          serial_shops, shop, minivault_4
D:8:      minmay_goldmine, layout_loops_corners,
          mainiacjoe_overflow_cross_hatched, uniq_jeremiah, uniq_maggie,
          uniq_grum, uniq_joseph
D:9:      layout_irregular_city, nicolae_overflow_hidden_temple, minitemple,
          lair_entry_dummy
D:10:     nicolae_cairo_tiling_large_dashed, layout_cave_pools,
          nicolae_shop_vocational
D:11:     layout_basic, minmay_misc_feat_doors, serial_library_hellmonk_h_bend,
          kb_rosetta, uniq_urug, uniq_josephine, uniq_erolcha
Temple:   nicolae_temple_two_arcs

Skill      XL: |  1  2  3  4  5  6  7  8  9 10 11 |
---------------+----------------------------------+-----
Invocations    | 1 2 3 4 5 6 7 |  7.3
Short Blades   | 1 2 3 5 6 |  6.7
Long Blades    | 1 2 3 5 6 |  6.7
Axes           | 1 2 3 5 6 |  6.7
Maces & Flails | 1 2 3 5 6 |  6.7
Polearms       | 1 2 3 5 6 |  6.7
Staves         | 1 2 3 5 6 |  6.7
Ranged Weapons | 1 2 3 5 6 |  6.7
Throwing       | 1 2 3 5 6 |  6.7
Armour         | 1 2 3 5 6 |  6.7
Stealth        | 1 2 3 5 6 |  6.7
Shields        | 1 2 3 5 6 |  6.7
Spellcasting   | 1 2 3 5 6 |  6.7
Evocations     | 1 2 3 5 6 |  6.7
Conjurations   | 1 2 3 4 5 |  5.5
Hexes          | 1 2 3 4 5 |  5.5
Summonings     | 1 2 3 4 5 |  5.5
Necromancy     | 1 2 3 4 5 |  5.5
Translocations | 1 2 3 4 5 |  5.5
Fire Magic     | 1 2 3 4 5 |  5.5
Ice Magic      | 1 2 3 4 5 |  5.5
Air Magic      | 1 2 3 4 5 |  5.5
Earth Magic    | 1 2 3 4 5 |  5.5
Alchemy        | 1 2 3 4 5 |  5.5
Fighting       | 3 4 5 6 7 |  7.2
Dodging        | 5 6 7 8 |  8.2
Unarmed Combat | 7 8 9 |  9.4
Shapeshifting  | 7 8 9 |  9.0

Action                     |  1- 3 |  4- 6 |  7- 9 | 10-12 || total
---------------------------+-------+-------+-------+-------++-------
  Melee: Unarmed           |    52 |    10 |       |       ||    62
         Punch             |     2 |     5 |     2 |       ||     9
         Bite              |     4 |    23 |    35 |    59 ||   121
         Rapier            |       |   109 |   264 |   315 ||   688
  Throw: Dart              |       |       |     4 |    14 ||    18
Ability: Lunge             |       |       |     6 |    34 ||    40
         Whirlwind         |       |       |     1 |    32 ||    33
         Wall Jump         |       |       |       |    14 ||    14
         Evoke Blink       |       |       |       |     2 ||     2
    Use: Scroll            |       |       |    10 |       ||    10
         Potion            |       |       |     5 |     2 ||     7
 Armour: Animal skin       |     9 |       |       |       ||     9
         Chain mail        |    29 |    67 |   185 |   174 ||   455
         Plate armour      |       |       |       |    37 ||    37
  Dodge: Dodged            |    32 |    77 |   215 |   229 ||   553

Table legend: (Time is in decaauts)
 A = Elapsed time spent in this place.
 B = Non-inter-level travel time spent in this place.
 C = Inter-level travel time spent in this place.
 D = Time resting spent in this place.
 E = Time spent auto-exploring this place.
 F = Levels seen in this place.
 G = Mean time per level.
                   A        B        C        D        E       F      G
               +--------+--------+--------+--------+--------+-----+--------+
         Total |  12019 |  11822 |    197 |   2886 |   5103 |  12 | 1001.6 |
       Dungeon |  11994 |  11797 |    197 |   2886 |   5103 |  11 | 1090.4 |
        Temple |     24 |     24 |      0 |      0 |      0 |   1 |   24.0 |
               +--------+--------+--------+--------+--------+-----+--------+

Top non-repeatable levels by time:
     D:8: 2327 daAuts
     D:9: 1819 daAuts
     D:6: 1615 daAuts
     D:7: 1268 daAuts
     D:5: 958 daAuts
     D:1: 909 daAuts
     D:3: 897 daAuts
     D:4: 862 daAuts
     D:2: 627 daAuts
    D:10: 562 daAuts
    D:11: 146 daAuts
  Temple: 24 daAuts
